 Dungeon Sprint DCSS version 0.20.1-1-g8b1a95d (webtiles) character file.

441 Mitsuki the Blocker (level 7, -1/63 HPs)
             Began as a Formicid Fighter on Sept 26, 2017.
             Was an Initiate of Okawaru.
             Slain by a slime creature (14 damage)
             ... in the Dungeon (Sprint I: "Red Sonja").
             The game lasted 00:01:59 (780 turns).

Mitsuki the Blocker (Formicid Fighter)               Turns: 780, Time: 00:02:00

Health: -1/63      AC:  8    Str: 23    XL:     7   Next: 22%
Magic:  7/7        EV: 10    Int:  7    God:    Okawaru [......]
Gold:   351        SH: 11    Dex: 10    Spells: 6/6 levels left

rFire    . . .     SeeInvis +   a - +0 flail
rCold    . . .     Gourm    .   c - +0 shield
rNeg     . . .     Faith    .   b - +0 scale mail
rPois    .         Spirit   .   (helmet unavailable)
rElec    .         Reflect  .   (no cloak)
rCorr    .         Harm     .   (no gloves)
MR       .....                  (no boots)
Stlth    ..........             (no amulet)
Regen    0.2/turn               (no ring)
MPRegen  0.1/turn               (no ring)

@: no status effects
A: permanent stasis, dig shafts and tunnels, four strong arms, antennae 3
a: Dig, Renounce Religion


You were in the Dungeon.
You worshipped Okawaru.
Okawaru was noncommittal.
You were not hungry.

You visited 1 branch You collected 351 gold pieces.

Inventory:

Hand Weapons
 a - a +0 flail (weapon)
Armour
 b - a +0 scale mail (worn)
 c - a +0 shield (worn)
Scrolls
 k - 2 scrolls of blinking
 l - a scroll of identify {unknown}
Potions
 d - a potion of might
 e - 2 potions of curing
 g - a potion of heal wounds
 h - a potion of haste
 i - 2 potions of magic
 j - a potion of berserk rage
Comestibles
 f - a bread ration


   Skills:
 + Level 8.6 Fighting
 + Level 7.5 Maces & Flails
 + Level 8.6 Armour
 + Level 9.4 Shields
 + Level 0.0 Invocations


You had 6 spell levels left.
You didn't know any spells.

Dungeon Overview and Level Annotations

Branches:
Dungeon (1/1)

Altars:
Cheibriados
Dithmenos
Elyvilon
Fedhas
Gozag
Hepliaklqana
Kikubaaqudgha
Nemelex Xobeh
Okawaru
Qazlal
Ru
Sif Muna
Trog
Uskayaw
Vehumet
Yredelemnul
Zin
The Shining One
Jiyva
Lugonu

Shops:
D *


Innate Abilities, Weirdness & Mutations

You cannot be hasted, slowed, berserked, paralysed or teleported.
You can dig through walls and to a lower floor.
Your four strong arms can wield two-handed weapons with a shield.
You have a pair of large antennae on your head. (SInv)


Message History

You hit the slime creature.
The slime creature is heavily wounded.
The slime creature hits you!
You sock the slime creature!
The slime creature is severely wounded.
The slime creature closely misses you.
You hit the slime creature but do no damage.
The slime creature is severely wounded.
You block the slime creature's attack.
You hit the slime creature.
The slime creature is severely wounded.
The slime creature hits you!
* * * LOW HITPOINT WARNING * * *
You hit the slime creature.
The slime creature is almost dead.
You block the slime creature's attack.
You hit the slime creature but do no damage.
The slime creature is almost dead.
The slime creature hits you!
You die...

###################
#<.#..').#..'..#__#
#..[..#..').#..J..+
#..#####'#####@#
#..####..#...#.####§
#..#__####..##.#§≈§§c#
#..#_____##'#..+≈§≈.§
#⌠⌠#_.∩...'..._# {
#..._..__##_.#'#
#..#_____###+#.#
########## ### {


You could see a slime creature.

Vanquished Creatures
  Sigmund (D)
  A yak (D)
  An ogre (D)
  A jelly (D)
  Ijyb (D)
5 creatures vanquished.

Notes
Turn   | Place    | Note
-------+----------+-------------------------------------------
     0 | D        | Mitsuki the Formicid Fighter began the quest for the Orb.
     0 | D        | Reached XP level 1. HP: 18/18 MP: 1/1
     1 | D        | Noticed Ijyb
    14 | D        | Killed Ijyb
    14 | D        | Reached skill level 4 in Shields
    14 | D        | Reached XP level 2. HP: 26/26 MP: 2/2
    14 | D        | Reached XP level 3. HP: 31/31 MP: 3/3
   123 | D        | Noticed an ogre
   130 | D        | Killed an ogre
   130 | D        | Reached skill level 5 in Armour
   130 | D        | Reached skill level 6 in Shields
   130 | D        | Reached XP level 4. HP: 13/40 MP: 4/4
   130 | D        | Reached XP level 5. HP: 16/46 MP: 5/5
   339 | D        | Noticed Sigmund
   349 | D        | Killed Sigmund
   349 | D        | Reached skill level 8 in Shields
   349 | D        | Reached XP level 6. HP: 51/55 MP: 6/6
   363 | D        | Found a deep blue altar of Sif Muna.
   365 | D        | Found a radiant altar of Vehumet.
   619 | D        | Found Tumuxzut's Assorted Antiques.
   619 | D        | Found an ancient bone altar of Kikubaaqudgha.
   619 | D        | Found a stormy altar of Qazlal.
   619 | D        | Found a blossoming altar of Fedhas.
   619 | D        | Found a bloodstained altar of Trog.
   619 | D        | Found an iron altar of Okawaru.
   619 | D        | Found a glowing golden altar of the Shining One.
   619 | D        | Found a glowing silver altar of Zin.
   619 | D        | Found a white marble altar of Elyvilon.
   619 | D        | Noticed a yak
   628 | D        | Killed a yak
   628 | D        | Reached skill level 9 in Shields
   628 | D        | Reached XP level 7. HP: 43/63 MP: 7/7
   629 | D        | Found a hazy altar of Hepliaklqana.
   629 | D        | Found a hide-covered altar of Uskayaw.
   629 | D        | Found a basalt altar of Yredelemnul.
   629 | D        | Found an opulent altar of Gozag.
   629 | D        | Found a snail-covered altar of Cheibriados.
   629 | D        | Found a sacrificial altar of Ru.
   629 | D        | Found a shadowy altar of Dithmenos.
   728 | D        | Found a sparkling altar of Nemelex Xobeh.
   746 | D        | Became a worshipper of Warmaster Okawaru
   757 | D        | Noticed a centaur warrior
   762 | D        | Found a viscous altar of Jiyva.
   762 | D        | Found a corrupted altar of Lugonu.
   762 | D        | Noticed a slime creature
   780 | D        | Slain by a slime creature

Skill      XL: |  1  2  3  4  5  6 |
---------------+-------------------+-----
Fighting       | 4 6 7 8 |  8.6
Maces & Flails | 3 4 6 7 |  7.5
Armour         | 4 5 7 8 |  8.6
Shields        | 4 6 8 9 |  9.4

Action                   |  1- 3 |  4- 6 |  7- 9 || total
-------------------------+-------+-------+-------++-------
Melee: Flail             |    18 |    28 |    17 ||    63
 Abil: Dig               |       |       |     2 ||     2
Armor: Scale mail        |     4 |     2 |     1 ||     7
Dodge: Dodged            |     7 |     7 |     1 ||    15
Block: Shield            |     5 |    10 |     9 ||    24
